 Dungeon Crawl Stone Soup version 0.30-a0-459-g9104f0fc43 (webtiles) character file.

Game seed: 2353489925193483485

148835 Jackthecabe the Summoner (level 16, -20/128 HPs)
             Began as a Demigod Conjurer on Dec 15, 2022.
             Killed from afar by a naga mage (23 damage)
             ... with a bolt of poison
             ... on level 4 of the Snake Pit.
             The game lasted 01:54:02 (53728 turns).

Jackthecabe the Summoner (Demigod Conjurer)        Turns: 53728, Time: 01:54:02

Health: -20/128    AC: 18    Str:  8    XL:     16   Next: 40%
Magic:  11/34      EV: 12    Int: 46    God:
Gold:   848        SH: 12    Dex:  7    Spells: 0/33 levels left

rFire   . . .      SeeInvis .    K - +9 war axe of Kinuman {speed, Fly rN++ rCorr Dex-5}
rCold   . . .      Faith    .    U - +3 buckler
rNeg    + + .      Spirit   .    M - +1 steam dragon scales
rPois   .          Reflect  +    e - +1 helmet
rElec   .          Harm     .    N - +2 cloak
rCorr   +          Rampage  .    k - +2 pair of gloves {hurl}
Will    ++...                    H - +2 pair of boots {Fly}
Stlth   +.........               L - amulet of reflection
HPRegen 0.41/turn                I - +6 ring of intelligence
MPRegen 0.24/turn                W - ring of willpower

@: lethally poisoned (-20 -> -39), flying
A: high MP 1, forlorn, divine attributes
a: no special abilities


You were on level 4 of the Snake Pit.
You visited 4 branches of the dungeon, and saw 26 of its levels.
You also visited: Bailey and Ice Cave.

You collected 2783 gold pieces.
You spent 1935 gold pieces at shops.


Innate Abilities, Weirdness & Mutations

You have an increased reservoir of magic. (+10% MP)
You shall have no god before yourself.
Your divine heritage dramatically boosts your attributes as you level up.


   Skills:
 - Level 8.0 Fighting
 - Level 4.0 Armour
 - Level 4.0 Dodging
 - Level 1.7 Stealth
 - Level 5.0 Shields
 + Level 9.2 Spellcasting
 + Level 13.7 Conjurations
 - Level 6.0 Hexes
 - Level 14.0 Summonings
 - Level 5.0 Translocations
 + Level 13.7 Earth Magic
 - Level 4.0 Evocations


You couldn't memorise any spells.
You knew the following spells:

 Your Spells              Type           Power      Damage    Failure   Level
b - Borgnjor's Vile Clut  Necr/Erth      35%        N/A       2%          5
f - Fulminant Prism       Conj/Hex       42%        3d19      1%          4
m - Magic Dart            Conj           100%       1d8       0%          1
s - Searing Ray           Conj           100%       2d8       0%          2
t - Monstrous Menagerie   Summ           50%        N/A       4%          7
v - Summon Mana Viper     Hex/Summ       85%        N/A       1%          5
w - Stone Arrow           Conj/Erth      100%       3d13      1%          3
B - Blink                 Tloc           100%       N/A       1%          2
X - Iskenderun's Mystic   Conj/Tloc      82%        2d16      1%          4

Your spell library contained the following spells:

 Spells                   Type           Power      Damage    Failure   Level
 Sandblast                Erth           100%       2d20      0%          1
 Beastly Appendage        Tmut           42%        N/A       1%          1
 Kiss of Death            Conj/Necr      100%       2d13      1%          1
 Shock                    Conj/Air       100%       1d9       1%          1
 Momentum Strike          Conj/Tloc      100%       3d10      1%          2
 Passwall                 Tmut/Erth      59%        N/A       1%          2
 Static Discharge         Conj/Air       100%       2-7/arc   1%          2
 Dazzling Flash           Conj/Hex       100%       N/A       1%          3
 Lesser Beckoning         Tloc           100%       N/A       1%          3
 Vhi's Electric Charge    Tloc/Air       88%        N/A       1%          3
 Animate Armour           Summ/Erth      100%       N/A       1%          4
 Sticky Flame             Conj/Fire      71%        2d8       1%          4
 Summon Ice Beast         Ice/Summ       71%        N/A       1%          4
 Iron Shot                Conj/Erth      49%        9d9       1%          6
 Sublimation of Blood     Necr           21%        N/A       2%          2
 Wereblood                Tmut           21%        N/A       2%          2
 Arcjolt                  Conj/Air       35%        1d45      2%          5
 Lightning Bolt           Conj/Air       35%        1d53      2%          5
 Spider Form              Tmut/Pois      21%        N/A       4%          3
 Swiftness                Air            21%        N/A       4%          3
 Summon Hydra             Summ           50%        N/A       4%          7
 Airstrike                Air            10%        2d(2-18)  16%         4
 Animate Dead             Necr           21%        N/A       16%         4
 Lehudib's Crystal Spear  Conj/Erth      49%        10d12     36%         8
 Death Channel            Necr           10%        N/A       94%         6
 Fire Storm               Conj/Fire      35%        8d9       100%        9

Inventory:

Hand Weapons
 K - the +9 war axe of Kinuman (weapon) {speed, Fly rN++ rCorr Dex-5}
   (You found it on level 5 of the Lair of Beasts)

   Attacks with this weapon are significantly faster.
   Dex:       It affects your dexterity (-5).
   rN:        It greatly protects you from negative energy.
   Fly:       It grants you flight.
   rCorr:     It protects you from acid and corrosion.
Missiles
 G - a throwing net {=f}
Armour
 e - a +1 helmet (worn)
 k - a +2 pair of gloves of hurling (worn)
 m - the +3 ring mail of Fun and Games {Regen+ Str+4 Dex-5}
   (You found it on level 5 of the Lair of Beasts)

   Str:       It affects your strength (+4).
   Dex:       It affects your dexterity (-5).
   Regen:     It increases your rate of health regeneration.
 H - a +2 pair of boots of flying (worn)
 M - +1 steam dragon scales (worn)
 N - a +2 cloak (worn)
 U - a +3 buckler (worn)
Magical Staves
 D - a staff of conjuration {!a}
Jewellery
 i - a +6 ring of intelligence
 C - a ring of protection from cold
 E - a +4 ring of evasion
 F - a ring of protection from fire
 I - a +6 ring of intelligence (left hand)
 L - an amulet of reflection (around neck)
 T - a +4 ring of protection
 W - a ring of willpower (right hand)
 Z - a ring of wizardry
Wands
 t - a wand of acid (23)
 u - a wand of roots (19)
 x - a wand of paralysis (30)
 J - a wand of digging (10)
 R - a wand of mindburst (9)
 Y - a wand of polymorph (17)
Scrolls
 a - 3 scrolls of poison
 d - 3 scrolls of magic mapping
 h - 5 scrolls of fear
 j - 4 scrolls of immolation
 n - 3 scrolls of vulnerability
 s - 10 scrolls of identify {@r1}
 w - 12 scrolls of teleportation {@r2}
 B - 5 scrolls of fog
 Q - 5 scrolls of blinking
 V - 5 scrolls of silence {!r}
Potions
 b - 2 potions of magic
 c - 4 potions of heal wounds {@q2}
 f - a potion of cancellation
 l - 7 potions of haste {@q3}
 o - 2 potions of ambrosia
 p - 4 potions of brilliance
 q - 5 potions of mutation
 r - 9 potions of curing {@q1}
 v - 2 potions of invisibility
 y - 6 potions of might
 A - 7 potions of attraction
 P - 3 potions of lignification
 S - 3 potions of resistance
 X - 4 potions of berserk rage {!q}
Miscellaneous
 O - a condenser vane

Dungeon Overview and Level Annotations

Branches:
Dungeon (15/15)            Temple (0/1) D:7            Lair (5/5) D:9
 Shoals (0/4) Lair:3        Snake (4/4) Lair:2        Slime (0/5) Lair:5
    Orc (2/2) D:10            Elf (0/3) Orc:2        Vaults (0/5) D:13
 Depths (0/4) D:15         Bailey (visited)           IceCv (visited)

Shops:
D:2 =   D:3 *!   D:5 !**?   D:11 (   D:13 =:   Orc:2 (*?!:   Snake:1 *==:
Snake:3 [:(*

Annotations:
Lair:1 4 transporters, logorrheac's ghost, journeyman MiBe
Lair:3 exclusion: 3 oklob plants
Snake:1 Frances
Snake:4 Vashnia

#........▒▒).).▒
...)..........▒▒§†▒▒#
..................).####
.............N..▒▒......
.............N................
.......................#......
.........<....kSN........####
......................#####.
#.........@.)...........##.
#.....................#....
#..............####....#...
##..............# ##.#....[
#..###.##......## #.##....
#..# #........#######.#.....
#..# ##.......##......#.....
##..# ###......#.............
#..####......................


You could see Vashnia (catching breath), a naga sharpshooter (catching breath,
ally target), a shock serpent, a naga mage (catching breath) and a friendly
lindwurm (summoned, poisoned).


Message History

Your lindwurm breathes flames at the naga sharpshooter.
The blast of flame hits the naga sharpshooter!!
Casting: Stone Arrow (safe; 1% risk of failure)
Confirm with . or Enter, or press ? or * to list all spells.
Aiming: Stone Arrow (safe; 1% risk of failure)
Press: ? - help, Shift-Dir - straight line, f/p - salamander
Aim: a salamander, wielding a +0 halberd (almost dead, 87% to hit)
The stone arrow hits the salamander!!
You kill the salamander!
You feel sick. Vashnia spits poison at you. The splash of poison hits you.
You are more poisoned.
* * * LOW HITPOINT WARNING * * *
The naga sharpshooter mumbles some strange words.
The shock serpent shoots out a bolt of lightning at you!
The bolt of electricity hits you!
* * * LOW HITPOINT WARNING * * *
Your lindwurm bites the shock serpent.
The shock serpent's electric aura discharges, shocking your lindwurm!
Your lindwurm claws the shock serpent.
Your lindwurm closely misses the shock serpent.
You feel very sick.
The shock serpent shoots out a bolt of lightning at you!
The bolt of electricity hits you!!
* * * LOW HITPOINT WARNING * * *
The naga mage casts a spell at you. The bolt of poison hits you!!
You are more poisoned.
You die...

Skill      XL: |  1  2  3  4  5  6  7  8  9 10 11 12 13 14 15 16 |
---------------+-------------------------------------------------+-----
Spellcasting   | 2 3 4 5 6 8 9 |  9.2
Hexes          | 1 2 3 4 6 |  6.0
Conjurations   | 4 5 6 8 10 12 13 | 13.7
Evocations     | 2 3 4 |  4.0
Fighting       | 4 6 8 |  8.0
Translocations | 2 5 |  5.0
Earth Magic    | 5 8 10 12 13 | 13.7
Armour         | 4 |  4.0
Dodging        | 3 4 |  4.0
Summonings     | 3 7 10 14 | 14.0
Shields        | 3 5 |  5.0
Stealth        | |  1.7

Action                   |  1- 3 |  4- 6 |  7- 9 | 10-12 | 13-15 | 16-18 || total
-------------------------+-------+-------+-------+-------+-------+-------++-------
Melee: Unarmed           |       |       |    24 |     8 |     9 |       ||    41
       War axe           |       |       |       |       |    55 |    15 ||    70
 Cast: Magic Dart        |    78 |    97 |   206 |    64 |     3 |       ||   448
       Searing Ray       |     4 |    11 |    27 |     9 |     1 |       ||    52
       Fulminant Prism   |       |     2 |    38 |    25 |    12 |       ||    77
       Stone Arrow       |       |       |     3 |   273 |   701 |   126 ||  1103
       Summon Mana Viper |       |       |       |    30 |   103 |    16 ||   149
       Monstrous Menager |       |       |       |       |    94 |    19 ||   113
       Iskenderun's Myst |       |       |       |       |     4 |     2 ||     6
Evoke: Wand              |       |       |       |       |     2 |       ||     2
       Condenser vane    |       |       |       |       |     1 |       ||     1
  Use: Scroll            |       |       |    10 |    13 |    16 |       ||    39
       Potion            |       |       |     1 |       |     9 |       ||    10
Armor: Robe              |     7 |       |    15 |       |       |       ||    22
       Steam dragon scal |       |       |    14 |    56 |   156 |    29 ||   255
       Ring mail         |       |       |       |       |    22 |       ||    22
Dodge: Dodged            |     5 |     8 |    99 |   104 |   271 |    56 ||   543
Block: Other             |       |       |     6 |    46 |    80 |       ||   132
       Reflection        |       |       |     3 |     6 |    46 |    21 ||    76
       Buckler           |       |       |       |       |   106 |    89 ||   195

Levels and vault maps discovered:
D:1:      dpeg_arrival_subterranean_lakeside_camping, layout_basic,
          dreamdust_ecumenical_altar_drowned_temple
D:2:      layout_basic, serial_shops, shop, minmay_misc_feat_roman,
          grunt_ministairs_1
D:3:      layout_loops_ring, chei_slow_surprise, led_xom_imps, serial_shops,
          nicolae_shop_advertising_works [nicolae_subvault_shop_adworks], shop,
          serial_bayou_lagoon_b
D:4:      layout_basic, fiery_altar_vehumet, fedhas_altar_3,
          kennysheep_generic_room_14
D:5:      layout_basic, kennysheep_little_box, serial_shops, shop_scrolls,
          shop_fountains, shop, nicolae_stop_n_shop_1, minivault_11,
          minmay_lizard_king, uniq_sigmund
D:6:      layout_basic, kennysheep_potato, uniq_prince_ribbit1
D:7:      layout_basic, minmay_temple_entry_gardened_gates, enter_bailey_4
D:8:      layout_cave_pools, uniq_maurice
D:9:      layout_cross, eat_drink_and_be_merry_uskayaw,
          mainiacjoe_overflow_alcove_1, beargit_hepliaklqana_dungeon_heroes,
          grunt_temple_overflow_open, david_lair_shrubbed
D:10:     layout_basic, nicolae_gozag_seed_capital, minmay_orc_entry_guard_dogs,
          kennysheep_diamond
D:11:     layout_basic, serial_shops, nicolae_stop_n_shop_1, item_on_display_b
D:12:     layout_long_grid, uniq_urug, uniq_nergalle
D:13:     layout_loops_ring, erik_vaults_1, serial_ice, serial_ice_o,
          serial_ice_n, serial_ice_a, serial_ice_i, serial_ice_h, serial_ice_e,
          portal_ice_cave_entry_pillars_2, serial_shops, kennysheep_mini_moat,
          shop, st_stairs_4
D:14:     layout_loops_cross, infiniplex_staircase_squiggle, special_room
          [special_room_orc]
D:15:     grunt_enter_depths_giant_problem, layout_cave_pods,
          minmay_misc_feat_diagonals
Lair:1:   gammafunk_cloud_chamber, layout_hall_layers, gammafunk_ghost_arena,
          hangedman_lair_generics_rect, lemuel_fruit_fields
Lair:2:   dreamdust_isle_of_ice, layout_chaotic_city,
          guppyfry_snake_entry_island, uniq_sonja
Lair:3:   layout_cave_pods, shoals_dummy_entry, disabler_island
Lair:4:   layout_cave_pods, grunt_megastairs_5, lemuel_fruit_tree
Lair:5:   grunt_lair_end_beastmaster, layout_cave_pods, slime_entry_1,
          nicolae_lair_lindhole
Snake:1:  layout_onion, serial_shops, nicolae_shop_waterfront, st_stairs_4,
          grunt_ministairs_7, minmay_shop_grove, serial_bayou_shore_b,
          grunt_megastairs_1, uniq_frances, uniq_nikola, uniq_asterion,
          uniq_azrael
Snake:2:  layout_cave_town, grunt_ministairs_8
Snake:3:  layout_chambers, minmay_shoptagon, grunt_megastairs_3
Snake:4:  johnstein_snake_rune_scales, layout_rooms,
          nrook_guardian_serpent_double, nicolae_triple_integral
Orc:1:    nicolae_orc_accident_3, layout_caves, kennysheep_orc_chapel
Orc:2:    st_orc_rangers, layout_caves, serial_shops, shop, uniq_jorgrun,
          uniq_snorg, uniq_nessos

Notes
Turn   | Place    | Note
-------+----------+-------------------------------------------
     0 | D:1      | Jackthecabe the Demigod Conjurer began the quest for the
                  | Orb.
     0 | D:1      | Reached XP level 1. HP: 14/14 MP: 5/5
   263 | D:1      | Reached skill level 2 in Spellcasting
   409 | D:1      | Reached XP level 2. HP: 20/20 MP: 5/7
   450 | D:1      | Learned a level 2 spell: Searing Ray
   602 | D:1      | Reached skill level 1 in Hexes
  1088 | D:2      | Reached skill level 4 in Conjurations
  1088 | D:2      | Reached XP level 3. HP: 23/26 MP: 5/9
  1345 | D:2      | Found Vary's Jewellery Emporium.
  1565 | D:2      | Reached XP level 4. HP: 33/33 MP: 4/10
  1785 | D:2      | Reached skill level 2 in Hexes
  2489 | D:3      | Reached skill level 3 in Spellcasting
  2489 | D:3      | Reached XP level 5. HP: 34/38 MP: 2/12
  2728 | D:3      | Reached skill level 3 in Hexes
  2817 | D:3      | Reached skill level 5 in Conjurations
  3180 | D:3      | Found Ampohe's Distillery.
  3187 | D:3      | Bought a potion of degeneration for 14 gold pieces
  3187 | D:3      | Bought a potion of brilliance for 56 gold pieces
  3311 | D:3      | Found Goeleaxi's General Store.
  3317 | D:3      | Bought a scroll of identify for 24 gold pieces
  3549 | D:4      | Reached XP level 6. HP: 45/45 MP: 9/13
  3554 | D:4      | Learned a level 4 spell: Fulminant Prism
  3781 | D:4      | Reached skill level 4 in Hexes
  4784 | D:4      | Reached XP level 7. HP: 50/50 MP: 10/14
  5091 | D:5      | Entered Level 5 of the Dungeon
  5136 | D:5      | Found Zitwet's General Store.
  5146 | D:5      | Reached skill level 6 in Conjurations
  5374 | D:5      | Reached skill level 5 in Hexes
  5408 | D:5      | Bought a scroll of blinking for 105 gold pieces
  5473 | D:5      | Found Ferhogru's Distillery.
  5498 | D:5      | Noticed Sigmund
  6055 | D:5      | Killed Sigmund
  6056 | D:5      | Reached skill level 6 in Hexes
  6056 | D:5      | Reached skill level 1 in Evocations
  6168 | D:5      | Reached skill level 2 in Evocations
  6257 | D:5      | Found Ireann's Assorted Antiques.
  6322 | D:5      | Bought a potion of curing for 36 gold pieces
  6405 | D:5      | Reached XP level 8. HP: 57/57 MP: 0/15
  6614 | D:5      | Reached skill level 7 in Conjurations
  6905 | D:5      | Found Ekow's Magic Scroll Emporium.
  7013 | D:6      | Noticed Prince Ribbit
  7023 | D:5      | Killed Prince Ribbit
  7169 | D:6      | Reached skill level 8 in Conjurations
  7254 | D:5      | Reached skill level 1 in Fighting
  7425 | D:6      | Reached skill level 2 in Fighting
  7832 | D:6      | Reached skill level 3 in Fighting
  8202 | D:7      | Learned a level 2 spell: Blink
  8207 | D:7      | Learned a level 4 spell: Iskenderun's Mystic Blast
  8302 | D:7      | HP: 6/66 [something] (8)]
  8303 | D:7      | Reached skill level 4 in Fighting
  8303 | D:7      | Reached skill level 2 in Translocations
  8568 | D:7      | Reached XP level 9. HP: 64/71 MP: 9/16
  8579 | D:7      | Reached skill level 3 in Translocations
  8721 | D:7      | Found a flagged portal.
  8726 | Bailey   | Entered a bailey
  8761 | Bailey   | Noticed an orc knight
  8813 | Bailey   | Noticed an orc knight
  8836 | Bailey   | Killed an orc knight
  8837 | Bailey   | Reached skill level 5 in Translocations
  8837 | Bailey   | Reached skill level 2 in Earth Magic
  8918 | Bailey   | Identified the +1 scale mail "Juucabu" {rF+ Int+2}
  9196 | Bailey   | Reached skill level 3 in Earth Magic
  9424 | Bailey   | Killed an orc knight
  9425 | Bailey   | Reached skill level 4 in Spellcasting
  9425 | Bailey   | Reached skill level 4 in Earth Magic
  9832 | D:7      | Learned a level 3 spell: Stone Arrow
  9897 | D:7      | Found a staircase to the Ecumenical Temple.
  9924 | D:8      | Noticed Maurice
 10082 | D:8      | Reached skill level 5 in Earth Magic
 10207 | D:8      | Reached skill level 3 in Evocations
 10291 | D:8      | Reached XP level 10. HP: 78/78 MP: 18/19
 10302 | D:8      | Reached skill level 4 in Evocations
 10834 | D:9      | Reached skill level 1 in Armour
 10839 | D:9      | Reached skill level 2 in Armour
 10901 | D:8      | Killed Maurice
 10902 | D:8      | Reached skill level 3 in Armour
 11028 | D:8      | Reached skill level 4 in Armour
 11231 | D:9      | Reached skill level 5 in Fighting
 11474 | D:9      | Reached skill level 6 in Fighting
 11614 | D:9      | Reached skill level 2 in Dodging
 11887 | D:9      | Reached skill level 3 in Dodging
 12021 | D:9      | Found a staircase to the Lair.
 12271 | D:10     | Entered Level 10 of the Dungeon
 12271 | D:10     | Noticed a two-headed ogre
 12469 | D:10     | Reached skill level 1 in Summonings
 12745 | D:10     | Reached skill level 2 in Summonings
 12843 | D:10     | Killed a two-headed ogre
 13037 | D:10     | Found a staircase to the Orcish Mines.
 13045 | D:10     | Reached skill level 5 in Spellcasting
 13045 | D:10     | Reached skill level 3 in Summonings
 13573 | D:11     | Found Qiupet's Weapon Emporium.
 13580 | D:10     | Reached XP level 11. HP: 51/89 MP: 18/22
 14023 | D:11     | Noticed a two-headed ogre
 14027 | D:11     | Killed a two-headed ogre
 14028 | D:11     | Reached skill level 4 in Summonings
 14279 | D:11     | Learned a level 5 spell: Summon Mana Viper
 14281 | D:11     | Noticed a boulder beetle
 14311 | D:11     | Killed a boulder beetle
 14312 | D:11     | Reached skill level 6 in Spellcasting
 14452 | D:11     | Reached skill level 5 in Summonings
 15194 | Lair:1   | Entered Level 1 of the Lair of Beasts
 15198 | Lair:1   | Reached skill level 6 in Earth Magic
 15278 | Lair:1   | Reached skill level 7 in Earth Magic
 15559 | Lair:1   | Found a transporter.
 15561 | Lair:1   | Noticed logorrheac's ghost (journeyman MiBe)
 15562 | Lair:1   | Noticed a four-headed hydra
 15562 | Lair:1   | Noticed a death yak
 15599 | Lair:1   | Found a transporter.
 15786 | Lair:1   | Found a transporter.
 15839 | Lair:1   | Reached skill level 8 in Earth Magic
 16120 | Lair:1   | Reached skill level 4 in Dodging
 16251 | Lair:1   | Reached skill level 6 in Summonings
 16468 | Lair:1   | Found a transporter.
 16893 | Lair:2   | Noticed Sonja
 16900 | Lair:2   | Noticed a death yak
 16901 | Lair:2   | Noticed a death yak
 16902 | Lair:2   | Noticed a death yak
 16902 | Lair:2   | Noticed a death yak
 16902 | Lair:2   | Noticed a death yak
 16903 | Lair:2   | Noticed a death yak
 17206 | Lair:2   | Reached skill level 7 in Summonings
 17206 | Lair:2   | Reached XP level 12. HP: 96/96 MP: 25/25
 17219 | Lair:2   | Noticed a four-headed hydra
 17226 | Lair:2   | Killed a four-headed hydra
 17408 | Lair:2   | Killed Sonja
 17416 | Lair:2   | Reached skill level 8 in Summonings
 17469 | Lair:1   | Reached skill level 9 in Summonings
 18141 | Lair:2   | Found a staircase to the Snake Pit.
 18754 | Lair:2   | Reached skill level 7 in Spellcasting
 18934 | Lair:2   | Reached skill level 10 in Summonings
 20550 | Lair:3   | Paralysed by a floating eye for 3 turns
 20621 | Lair:3   | Reached skill level 8 in Spellcasting
 21194 | Lair:3   | Reached XP level 13. HP: 81/102 MP: 9/29
 21351 | Lair:3   | Found a staircase to the Shoals.
 21805 | Lair:4   | Learned a level 7 spell: Monstrous Menagerie
 21838 | Lair:4   | Reached skill level 11 in Summonings
 22822 | Lair:4   | Reached skill level 12 in Summonings
 24170 | Lair:5   | Entered Level 5 of the Lair of Beasts
 24179 | Lair:5   | Identified the +3 ring mail of Fun and Games {Regen+ Str+4
                  | Dex-5}
 24812 | Lair:5   | Reached skill level 13 in Summonings
 24909 | Lair:5   | Found a staircase to the Slime Pits.
 26756 | Lair:5   | Reached skill level 14 in Summonings
 26943 | Lair:5   | Noticed a dire elephant
 26955 | Lair:5   | Killed a dire elephant
 27114 | Lair:5   | Identified the +9 war axe of Kinuman {speed, Fly rN++ rCorr
                  | Dex-5}
 27286 | Lair:5   | Reached skill level 9 in Spellcasting
 27620 | Orc:1    | Entered Level 1 of the Orcish Mines
 27951 | Orc:2    | Entered Level 2 of the Orcish Mines
 27958 | Orc:2    | Noticed an orc warlord
 28585 | Orc:2    | Reached XP level 14. HP: 65/111 MP: 27/31
 28793 | Orc:2    | Killed an orc warlord
 28796 | Orc:2    | Reached skill level 7 in Fighting
 29262 | Orc:2    | Found a staircase to the Elven Halls.
 29576 | Orc:2    | Noticed Nessos
 29641 | Orc:1    | HP: 11/114 [poisoned by Nessos]
 29646 | Orc:1    | HP: 7/114 [poisoned by Nessos]
 30709 | Orc:2    | Killed Nessos
 30710 | Orc:2    | Reached skill level 8 in Fighting
 31634 | Orc:2    | Found Dupivair's Magic Scroll Shoppe.
 31634 | Orc:2    | Found Kyteun's General Store.
 31634 | Orc:2    | Found Omelluc's Weapon Boutique.
 31639 | Orc:2    | Found Reale's Distillery.
 31694 | Orc:2    | Bought a potion of cancellation for 112 gold pieces
 31738 | Orc:2    | Found Syurhaasui's Book Shop.
 31742 | Orc:2    | Noticed Snorg
 31758 | Orc:2    | Killed Snorg
 31929 | Orc:2    | Noticed an orc warlord
 32305 | Orc:2    | Killed an orc warlord
 32413 | Orc:2    | Noticed Jorgrun
 32432 | Orc:2    | Killed Jorgrun
 33857 | Orc:1    | Reached skill level 9 in Conjurations
 33857 | Orc:1    | Reached skill level 9 in Earth Magic
 34876 | D:12     | Noticed Nergalle
 34886 | D:12     | Killed Nergalle
 34955 | D:12     | Noticed Urug
 35034 | D:12     | Killed Urug
 35815 | D:13     | Identified the amulet of Vehumet's Inspiration {Spirit Harm
                  | rPois rC++ Int-4}
 35869 | D:13     | Reached skill level 1 in Shields
 36397 | D:13     | Reached skill level 2 in Shields
 36474 | D:13     | Found a frozen archway.
 36492 | IceCv    | Entered an ice cave
 37691 | D:13     | Reached skill level 10 in Conjurations
 37691 | D:13     | Reached skill level 10 in Earth Magic
 37788 | D:13     | Reached skill level 3 in Shields
 37966 | D:13     | Found Emyhem's Book Shop.
 38193 | D:13     | Found Bopsutik's Jewellery Boutique.
 38245 | D:13     | Found a gate to the Vaults.
 39642 | D:13     | Reached XP level 15. HP: 42/121 MP: 8/32
 39846 | D:13     | Reached skill level 4 in Shields
 40089 | D:14     | HP: 12/121 [poisoned by a meliai]
 40094 | D:14     | HP: 9/121 [poisoned by a meliai]
 41128 | D:15     | Entered Level 15 of the Dungeon
 41981 | D:15     | Reached skill level 5 in Shields
 42178 | D:15     | Found a staircase to the Depths.
 42178 | D:15     | Noticed a fire giant
 42197 | D:15     | Killed a fire giant
 42423 | D:15     | Reached skill level 11 in Conjurations
 42423 | D:15     | Reached skill level 11 in Earth Magic
 43863 | Snake:1  | Entered Level 1 of the Snake Pit
 44006 | Snake:1  | Noticed Asterion
 44023 | Snake:1  | Killed Asterion
 44503 | Snake:1  | Found Wadusk's Jewellery Boutique.
 44505 | Snake:1  | Found Viurrefu's Book Shoppe.
 44506 | Snake:1  | Found Finau's Jewellery Boutique.
 44532 | Snake:1  | Found Catuu's General Store.
 45039 | Snake:1  | You are sucked into a shaft and drop 1 floor!
 45358 | Snake:2  | Noticed a nagaraja
 45375 | Snake:2  | Killed a nagaraja
 45376 | Snake:2  | Reached skill level 12 in Conjurations
 45376 | Snake:2  | Reached skill level 12 in Earth Magic
 45698 | Snake:1  | Noticed Frances
 45786 | Snake:1  | Noticed Azrael
 45792 | Snake:1  | Killed Azrael
 46400 | Snake:1  | Noticed Nikola
 46422 | Snake:1  | Killed Nikola
 46929 | Snake:2  | Identified the +0 robe of Egoadgh {rCorr}
 48564 | Snake:1  | Reached XP level 16. HP: 30/128 MP: 4/33
 49122 | Snake:2  | Reached skill level 13 in Conjurations
 49122 | Snake:2  | Reached skill level 13 in Earth Magic
 51371 | Snake:3  | Found Isyst's Antique Weapon Shoppe.
 51374 | Snake:3  | Found Zegiryll's General Store.
 51374 | Snake:3  | Found Haepupn's Antique Armour Emporium.
 51379 | Snake:3  | Found Rog Roso's Book Emporium.
 52583 | Snake:4  | Entered Level 4 of the Snake Pit
 52703 | Snake:3  | Bought a glowing hat for 280 gold pieces
 52703 | Snake:3  | Bought a runed helmet for 300 gold pieces
 52729 | Snake:3  | Bought Lionaen's Handbook of Blasting for 576 gold pieces
 52729 | Snake:3  | Bought a book of Unlife for 432 gold pieces
 52735 | Snake:3  | Learned a level 5 spell: Borgnjor's Vile Clutch
 53470 | Snake:4  | Noticed Vashnia
 53728 | Snake:4  | HP: 3/128 [shock serpent/bolt of electricity (22)]
 53728 | Snake:4  | Killed from afar by a naga mage

Vanquished Creatures
  Nikola (Snake:1)
  A nagaraja (Snake:2)
  A fire giant (D:15)
  Nessos (Orc:2)
  Snorg (Orc:2)
  A rakshasa (D:15)
  2 catoblepae (Lair:5)
  3 centaur warriors
  2 hydras
  3 anacondas
  A dancing weapon (D:13)
  2 boulder beetles
  4 two-headed ogres
  3 tengu warriors (D:15)
  3 naga warriors
  Urug (D:12)
  3 slime creatures
  7 death yaks
  2 naga sharpshooters (Snake:3)
  A shock serpent (Snake:3)
  Sonja (Lair:2)
  4 salamander mystics
  A fire crab (Lair:4)
  5 skeletal warriors
  3 naga ritualists (Snake:2)
  A bog body (Lair:2)
  A lindwurm (shapeshifter) (D:14)
  4 orc knights
  3 lindwurms
  2 wolf spiders (Orc:1)
  9 mana vipers
  A deep elf pyromancer (D:15)
  An orc sorcerer (Orc:2)
  4 ugly things
  A nameless horror (Snake:2)
  3 salamanders
  2 cyclopes (D:15)
  Maurice (D:8)
  5 elephants
  2 guardian serpents
  6 naga magi
  2 ice statues (IceCv)
  19 black mambas
  3 gargoyles
  13 cane toads
  A kobold demonologist (D:11)
  A freezing wraith (IceCv)
  3 anaconda simulacra
  A yaktaur (D:15)
  4 rime drakes
  9 komodo dragons
  An ice devil (Lair:2)
  3 tengu conjurers (D:15)
  4 polar bears
  2 meliai (D:14)
  4 trolls
  2 dream sheep (Lair:5)
  2 tarantellas (Orc:1)
  Prince Ribbit (D:5)
  20 blink frogs
  2 centaur simulacra (D:13)
  28 yaks
  A dire elephant simulacrum (Lair:2)
  6 wyverns
  Sigmund (D:5)
  A shadow (D:11)
  A wraith (D:9)
  A water elemental (D:13)
  3 basilisks
  A steam dragon (D:7)
  A fire elemental (Snake:1)
  4 vampire mosquitoes
  A golden eye (shapeshifter) (D:14)
  2 death yak simulacra
  6 wargs
  A harpy simulacrum (IceCv)
  22 nagas
  5 water moccasins
  A floating eye (Lair:3)
  An acid dragon (D:10)
  2 hell hounds (Snake:1)
  45 orc warriors
  A sky beast (D:8)
  4 ice beasts
  A black bear (D:6)
  4 ogres
  11 centaurs
  18 wolves
  2 kobold brigands
  17 bullfrogs
  2 gnoll sergeants
  A necrophage (D:5)
  A cane toad simulacrum (IceCv)
  5 scorpions
  5 wights (D:9)
  8 killer bees
  3 howler monkeys
  2 electric eels
  4 crimson imps (D:3)
  5 hounds
  2 jellies
  8 orc priests
  2 gnoll boudas
  5 iguanas
  10 orc wizards
  A spriggan simulacrum (Lair:2)
  A troll simulacrum (Lair:2)
  A polar bear simulacrum (Lair:2)
  A wolf simulacrum (IceCv)
  12 adders
  23 gnolls
  2 naga simulacra (Lair:2)
  A shadow imp (D:7)
  3 white imps
  An ufetubus (D:4)
  A worm (D:3)
  A dart slug (D:4)
  54 orcs
  9 ball pythons
  4 endoplasms
  5 giant cockroaches
  10 goblins
  9 hobgoblins
  7 jackals
  2 quokkas
  8 bats
  12 frilled lizards
  27 kobolds
  12 rats
  A spectral hobgoblin (D:1)
  A butterfly (Lair:1)
  A fulminant prism (D:9)
665 creatures vanquished.

Vanquished Creatures (collateral kills)
  Jorgrun (Orc:2)
  Asterion (Snake:1)
  2 orc warlords (Orc:2)
  Azrael (Snake:1)
  A dire elephant (Lair:5)
  A salamander tyrant (Snake:3)
  2 catoblepae
  5 anacondas
  An ogre mage (D:15)
  3 two-headed ogres
  A dancing weapon (D:13)
  3 boulder beetles
  3 naga warriors (Snake:2)
  2 tengu warriors
  3 death yaks
  A deep troll shaman (Lair:5)
  An orc high priest (Orc:1)
  A naga sharpshooter (Snake:2)
  A shock serpent (Snake:2)
  A salamander mystic (Snake:1)
  Nergalle (D:12)
  5 skeletal warriors
  4 naga ritualists
  An orc knight (D:13)
  6 ugly things
  4 mana vipers
  A manticore (D:14)
  3 cyclopes
  An elephant (Lair:4)
  A nameless horror (D:13)
  4 salamanders
  4 guardian serpents
  10 black mambas
  A gargoyle (D:13)
  2 naga magi (Snake:2)
  2 ice statues
  4 cane toads
  A rime drake (Lair:4)
  An unseen horror (D:12)
  An ice devil (Lair:2)
  A polar bear (Lair:2)
  A meliai (D:14)
  A troll (Orc:1)
  7 blink frogs
  2 slime creatures (D:15)
  3 dream sheep
  4 yaks
  A basilisk (Lair:2)
  A warg (Orc:2)
  4 vampire mosquitoes
  22 nagas
  3 water moccasins
  2 hell hounds (Snake:1)
  8 orc warriors
  2 ogres
  4 centaurs
  2 cane toad simulacra
  An elephant simulacrum (Lair:2)
  5 orc priests (Orc:2)
  3 orc wizards
  A troll simulacrum (Lair:2)
  A polar bear simulacrum (IceCv)
  3 gnolls (D:12)
  A naga simulacrum (Lair:2)
  A white imp (D:13)
  13 orcs
189 creatures vanquished.

Vanquished Creatures (others)
  A tengu warrior (D:15)
  An orc warrior (Orc:2)
  76 fulminant prisms
  41 fungi
  83 plants
202 creatures vanquished.

Grand Total: 1056 creatures vanquished

Table legend: (Time is in decaauts)
 A = Elapsed time spent in this place.
 B = Non-inter-level travel time spent in this place.
 C = Inter-level travel time spent in this place.
 D = Time resting spent in this place.
 E = Time spent auto-exploring this place.
 F = Levels seen in this place.
 G = Mean time per level.
                   A        B        C        D        E       F      G
               +--------+--------+--------+--------+--------+-----+--------+
         Total |  53855 |  51230 |   2625 |  14689 |  29715 |  28 | 1923.4 |
       Dungeon |  23540 |  22364 |   1176 |   4828 |  14451 |  15 | 1569.3 |
          Lair |  12308 |  11610 |    698 |   3185 |   6854 |   5 | 2461.6 |
     Snake Pit |   9831 |   9447 |    384 |   3026 |   5416 |   4 | 2457.8 |
  Orcish Mines |   6355 |   5989 |    366 |   3040 |   2250 |   2 | 3177.5 |
        Bailey |    969 |    969 |      0 |    336 |    366 |   1 |  969.0 |
      Ice Cave |    849 |    849 |      0 |    274 |    377 |   1 |  849.0 |
               +--------+--------+--------+--------+--------+-----+--------+

Top non-repeatable levels by time:
   Orc:1: 4366 daAuts
 Snake:2: 3270 daAuts
 Snake:1: 3258 daAuts
 Snake:3: 2956 daAuts
  Lair:5: 2918 daAuts
  Lair:2: 2631 daAuts
    D:13: 2376 daAuts
  Lair:1: 2318 daAuts
  Lair:3: 2259 daAuts
  Lair:4: 2181 daAuts
    D:15: 2179 daAuts
     D:4: 2136 daAuts
   Orc:2: 1989 daAuts
    D:14: 1973 daAuts
    D:12: 1936 daAuts

Table legend:
 A = Non-vault XP
 B = Vault XP
 C = Vault XP percentage of total XP
 D = Non-vault monster count
 E = Vault monster count
 F = Vault count percentage of total count
                 A         B        C        D         E       F
            +---------+---------+-------+---------+---------+-------
      Total |  150279 |   62343 |  29.3 |     593 |     259 |  30.4
            +---------+---------+-------+---------+---------+-------
        D:1 |      25 |      12 |  32.4 |      16 |       8 |  33.3
        D:2 |     101 |       2 |   1.9 |      27 |       1 |   3.6
        D:3 |      94 |     199 |  67.9 |      15 |       5 |  25.0
        D:4 |     448 |      41 |   8.4 |      20 |       3 |  13.0
        D:5 |     855 |     481 |  36.0 |      30 |      10 |  25.0
        D:6 |     483 |      17 |   3.4 |      12 |       2 |  14.3
        D:7 |     909 |      12 |   1.3 |      16 |       5 |  23.8
        D:8 |    1894 |     493 |  20.7 |      23 |       1 |   4.2
        D:9 |    1652 |     765 |  31.7 |      30 |       2 |   6.2
       D:10 |    1970 |     720 |  26.8 |      12 |       4 |  25.0
       D:11 |    4261 |       0 |   0.0 |      12 |       0 |   0.0
       D:12 |    7771 |    1575 |  16.9 |      29 |       2 |   6.5
       D:13 |    8118 |    5517 |  40.5 |      14 |      20 |  58.8
       D:14 |    9591 |     476 |   4.7 |      18 |      16 |  47.1
       D:15 |   16409 |    1204 |   6.8 |      31 |       1 |   3.1
     Lair:1 |    7867 |    1467 |  15.7 |      28 |       5 |  15.2
     Lair:2 |    8102 |    6275 |  43.6 |      23 |      27 |  54.0
     Lair:3 |    6550 |     148 |   2.2 |      25 |       1 |   3.8
     Lair:4 |    7917 |    2010 |  20.2 |      22 |       6 |  21.4
     Lair:5 |    8262 |    8601 |  51.0 |      27 |      17 |  38.6
    Snake:1 |    5217 |    8391 |  61.7 |      14 |      15 |  51.7
    Snake:2 |   28670 |    1368 |   4.6 |      58 |       5 |   7.9
    Snake:3 |   12286 |     920 |   7.0 |      27 |       2 |   6.9
    Snake:4 |    3594 |    4419 |  55.1 |       6 |      11 |  64.7
      Orc:1 |    1598 |    3614 |  69.3 |      22 |      16 |  42.1
      Orc:2 |    5635 |    8489 |  60.1 |      36 |      39 |  52.0
     Bailey |       0 |    1938 | 100.0 |       0 |      23 | 100.0
      IceCv |       0 |    3189 | 100.0 |       0 |      12 | 100.0
            +---------+---------+-------+---------+---------+-------
